 Dungeon Crawl Stone Soup version 0.30-a0-637-gacddeb6 (webtiles) character file.

Game seed: 1582127945481682562

4431 jagoly the Fighter (level 10, -3/90 HPs)
             Began as a Grey Draconian Cinder Acolyte on Jan 15, 2023.
             Was a High Priest of Ignis.
             Slain by a two-headed ogre
             ... wielding a +0 giant club
              (12 damage)
             ... on level 8 of the Dungeon.
             The game lasted 00:44:55 (7710 turns).

jagoly the Fighter (Grey Draconian Cinder Acolyte)  Turns: 7710, Time: 00:44:56

Health: -3/90      AC: 12    Str: 16    XL:     10   Next: 14%
Magic:  14/14      EV: 18    Int: 18    God:    Ignis [*****.]
Gold:   522        SH:  5    Dex:  8    Spells: 9/15 levels left

rFire   + + +      SeeInvis .    a - staff of fire
rCold   + . .      Faith    .    n - +0 buckler
rNeg    . . .      Spirit   .    (body armour unavailable)
rPois   .          Reflect  .    (helmet restricted)
rElec   .          Harm     .    o - scarf {rC+ rF+}
rCorr   .          Rampage  .    (no gloves)
Will    .....                    (no boots)
Stlth   ++                       A - amulet of magic regeneration
HPRegen 0.35/turn                r - +5 ring of evasion
MPRegen 0.54/turn                (no ring)

@: slowed, very slow
A: AC +12, amphibious, unfitting armour, cold-blooded
a: Renounce Religion, Fiery Armour, Foxfire Swarm


You were on level 8 of the Dungeon.
You worshipped Ignis.
Ignis was extremely pleased with you.
You visited 1 branch of the dungeon, and saw 8 of its levels.

You collected 522 gold pieces.

Inventory:

Hand Weapons
 b - a +3 spear of freezing
 g - a +0 sling
 C - a +1 dagger of venom
 H - a -1 spear of flaming
 M - a +0 demon whip of venom
Missiles
 B - 8 boomerangs
 G - 80 stones
Armour
 n - a +0 buckler (worn)
 o - a scarf of resistance (worn)
Magical Staves
 a - a staff of fire (weapon)
Jewellery
 r - a +5 ring of evasion (left hand)
 A - an amulet of magic regeneration (around neck)
 F - a ring of protection from fire
Wands
 v - a wand of polymorph (20)
 y - a wand of mindburst (5)
 D - a wand of paralysis (12)
 K - a wand of flame (20)
Scrolls
 d - 2 scrolls of torment {unknown}
 i - 4 scrolls of poison
 j - a scroll of amnesia {unknown}
 k - 2 scrolls of magic mapping {unknown}
 s - a scroll of fog {unknown}
 t - 3 scrolls of identify
 u - 2 scrolls of blinking {unknown}
 x - 3 scrolls of immolation
 z - a scroll of teleportation
 J - 2 scrolls of enchant weapon {unknown}
 L - a scroll of silence {unknown}
Potions
 c - a potion of flight {unknown}
 e - 2 potions of magic
 f - 2 potions of curing
 h - 3 potions of heal wounds
 l - a potion of lignification {unknown}
 m - 2 potions of ambrosia {unknown}
 p - a potion of brilliance {unknown}
 q - a potion of cancellation {unknown}
 w - a potion of mutation {unknown}
 E - a potion of might
 I - a potion of invisibility {unknown}


   Skills:
 + Level 8.5 Fighting
 + Level 3.9 Polearms
 + Level 6.4 Dodging
 - Level 2.0 Stealth
 - Level 6.0 Shields
 + Level 3.0 Spellcasting
 + Level 5.6 Conjurations
 + Level 5.6 Fire Magic


You had 9 spell levels left.
You knew the following spells:

 Your Spells              Type           Power      Damage    Failure   Level
e - Flame Wave            Conj/Fire      34%        2d10      21%         4
A - Scorch                Fire           68%        2d8       3%          2

Your spell library contained the following spells:

 Spells                   Type           Power      Damage    Failure   Level
 Necrotise                Necr           8%         1d4       21%         1
 Ensorcelled Hibernation  Hex/Ice        4%         N/A       30%         2
 Spider Form              Tmut/Pois      2%         N/A       52%         3
 Vampiric Draining        Necr           2%         2d6       52%         3
 Anguish                  Hex/Necr       1%         N/A       90%         4
 Agony                    Necr           2%         N/A       99%         5
 Summon Cactus Giant      Summ           1%         N/A       100%        6


Dungeon Overview and Level Annotations

Branches:
Dungeon (8/15) Zot: 25793  Temple (0/1) D:5
   Lair: D:8-11

Altars:
Ashenzari
Cheibriados
Dithmenos
Elyvilon
Fedhas
Gozag
Kikubaaqudgha
Makhleb
Qazlal
Ru
Sif Muna
Uskayaw
Wu Jian
The Shining One

Shops:
D:1 (   D:6 (


Innate Abilities, Weirdness & Mutations

Your dull iron-grey scales are very hard. (AC +12)
You are amphibious.
You cannot fit into any form of body armour.
You are cold-blooded and may be slowed by cold attacks.


Message History

You feel sick. Amaemon misses you. Amaemon completely misses you.
Amaemon barely misses you.
A wave of flame ripples out!
The flame wave engulfs Amaemon!!
Amaemon is moderately wounded.
The flame wave engulfs the orange demon!
The orange demon is moderately wounded.
You feel sick. The orange demon barely misses you.
Amaemon hits you but does no damage.
You are more poisoned.
Amaemon closely misses you. Amaemon barely misses you.
A wave of flame ripples out!
The flame wave engulfs Amaemon!
Amaemon is heavily wounded.
The flame wave engulfs the orange demon!
The orange demon is heavily wounded.
You finish channelling waves of flame.
You feel very sick. Amaemon barely misses you. You block Amaemon's attack.
Amaemon closely misses you. You block the orange demon's attack.
Magic courses through your body.
You feel very sick.
The orange demon stings you but does no damage.
Amaemon misses you. Amaemon completely misses you. Amaemon misses you.
Cast which spell? (? or * to list)
Casting: Flame Wave (dangerous; 26% risk of failure)
Press: ? - help, Dir - look around, f - activate You feel a surge of power!
You miscast Flame Wave.
You are very lightly contaminated with residual magic.
Nothing appears to happen.
You feel very sick. Amaemon misses you. You block Amaemon's attack.
Amaemon tail-slaps you but does no damage.
The orange demon closely misses you.
Cast which spell? (? or * to list)
Casting: Flame Wave (dangerous; 26% risk of failure)
Press: ? - help, Dir - look around, f - activate You feel a surge of power!
You miscast Flame Wave.
Nothing appears to happen.
You feel sick. The orange demon closely misses you.
Amaemon hits you with a +0 demon whip of venom!
Amaemon misses you.
Amaemon tail-slaps you but does no damage.
Cast which spell? (? or * to list)
Casting: Flame Wave (dangerous; 26% risk of failure)
Press: ? - help, Dir - look around, f - activate You feel a surge of power!
A wave of flame ripples out!
The flame wave engulfs the gargoyle but does no damage.
The flame wave engulfs Amaemon!
Amaemon is heavily wounded. (Press . to intensify the flame waves.)
You feel sick.
Amaemon points at the orange demon and mumbles some strange words.
The orange demon seems to grow toxic.
The orange demon stings you from afar. The gargoyle hits you with a +0 flail!
A wave of flame ripples out!
The flame wave engulfs the gargoyle!
The gargoyle is moderately damaged.
The flame wave engulfs Amaemon!
Amaemon is heavily wounded.
The flame wave engulfs the orange demon.
The orange demon is severely wounded.
* * * LOW MAGIC WARNING * * *
You feel sick. The orange demon stings you from afar.
* * * LOW HITPOINT WARNING * * *
You block the gargoyle's attack.
Amaemon hits you with a +0 demon whip of venom.
* * * LOW HITPOINT WARNING * * *
You are more poisoned.
Amaemon misses you.
Amaemon tail-slaps you but does no damage.
A wave of flame ripples out!
The flame wave engulfs the gargoyle but does no damage.
The gargoyle is moderately damaged.
The flame wave engulfs Amaemon.
Amaemon is severely wounded.
The flame wave engulfs the orange demon.
The orange demon is severely wounded.
* * * LOW MAGIC WARNING * * *
You finish channelling waves of flame.
You feel very sick.
Amaemon hits you with a +0 demon whip of venom!
* * * LOW HITPOINT WARNING * * *
Amaemon closely misses you. You block Amaemon's attack.
The orange demon closely misses you.
The gargoyle hurls a stone arrow at you.
The stone arrow misses you.
Okay, then.
Okay, then.
Okay, then.
You begin to rise into the air.
You feel very sick. You block the orange demon's attack.
The gargoyle hits you with a +0 flail.
* * * LOW HITPOINT WARNING * * *
Amaemon hisses.
You block Amaemon's attack. Amaemon claws you but does no damage.
Amaemon misses you.
Okay, then.
You feel better.
With a burst of heat and light, you rocket upward!
There is a shaft here.
There is an open door here.
There is a stone staircase leading down here.
Your magical contamination has completely faded away.
Magic restored.
HP restored.
Done exploring.
Unknown command.
You start resting.
HP restored.
Okay, then.
You climb downwards.
Level annotation: Amaemon
There is a stone staircase leading up here.
You feel a surge of power!
Flames lash the orange demon.
The orange demon is lightly wounded.
The orange demon's fire resistance burns away.
The orange demon stings you from afar!
You feel a surge of power!
Flames lash the orange demon.
The orange demon is burned terribly!
The orange demon is moderately wounded.
The orange demon stings you from afar!
You are poisoned.
You have difficulty breathing.
You feel yourself slow down.
You feel a surge of power!
Flames lash the orange demon.
The orange demon is burned terribly!
The orange demon is moderately wounded.
You feel very sick. The orange demon stings you from afar.
You feel a surge of power!
Flames lash the orange demon.
The orange demon is burned terribly!
The orange demon is heavily wounded.
You feel very sick. You block the orange demon's attack.
The orange demon stings you from afar!
* * * LOW HITPOINT WARNING * * *
You are more poisoned.
You have difficulty breathing.
* * * LOW HITPOINT WARNING * * *
You feel as though you will be slow longer.
You feel extremely sick.
The orange demon stings you but does no damage.
You climb upwards.
You feel extremely sick.
There is a stone staircase leading down here.
You are mildly poisoned (21 -> 14).
You are slowed.
Your movement speed is very slow.
Your attack delay is about 1.7.
Your damage rating with your staff of fire is about 6 (Base 5 x 115% (Str) x 118% (Skill)).
Unknown command.
You start resting.
You feel very sick.
You feel sick.
Magic restored.
You feel sick. x3
You are no longer poisoned.
You see here a +0 whip.
There is a stone staircase leading down here.
You start resting.
You feel yourself speed up.
You start resting.
HP restored.
You start resting.
HP restored.
Okay, then.
You climb downwards.
Level annotation: Amaemon
There is a stone staircase leading up here.
Found a stone staircase leading down.
Things that are here:
a +0 leather armour; a +0 flail You now have 506 gold pieces (gained 10).
Things that are here:
3 boomerangs of dispersal; a +0 hand axe A gargoyle is nearby!
Press: ? - help, v - describe, . - travel
Here: a gargoyle, wielding a +0 flail (wandering, hasn't noticed you)
The floor.
Things that are here:
a +0 leather armour; a +0 flail
Items here: ))) [[.
There is a stone staircase leading up here.
Aiming: Polymorph
Press: ? - help, Shift-Dir - straight line, f - you
Okay, then.
Throw: 79 stones
Press: ? - help, Shift-Dir - straight line, f - gargoyle
Aim: a gargoyle, wielding a +0 flail (74% to hit)
You throw a stone.
The stone hits the gargoyle but does no damage.
Throw: 8 boomerangs
Press: ? - help, Shift-Dir - straight line, f/p - gargoyle
Aim: a gargoyle, wielding a +0 flail (74% to hit)
You throw a boomerang.
The boomerang hits the gargoyle but does no damage.
You feel a surge of power!
You miscast Scorch.
You are very lightly contaminated with residual magic.
Nothing appears to happen.
Unknown command.
Magic restored.
You climb upwards.
There is a stone staircase leading down here.
Magic restored.
There is an open door here.
Your magical contamination has completely faded away.
There is a stone staircase leading down here.
You climb downwards.
Level annotation: Amaemon
There is a stone staircase leading up here.
You see here a +0 whip.
Items here: ))) [.
Key pressed, stopping explore.
Unknown command.
You start waiting.
A gargoyle is nearby!
Unknown command.
The gargoyle hurls a stone arrow at you.
The stone arrow misses you.
Things that are here:
a +0 mace; a +0 club; a +1 robe of willpower
There is a stone staircase leading up here.
You feel a surge of power!
Flames lash the gargoyle.
The gargoyle is moderately damaged.
The gargoyle's fire resistance burns away.
You feel a surge of power!
Flames lash the gargoyle but do no damage.
The gargoyle hurls a stone arrow at you.
The stone arrow misses you.
You feel a surge of power!
Flames lash the gargoyle.
The gargoyle is burned terribly!
You destroy the gargoyle!
Magic restored.
You see here a +0 whip.
You see here a +0 flail.
Items here: ))) [.
Found an opulent altar of Gozag.
You now have 514 gold pieces (gained 8).
You now have 522 gold pieces (gained 8).
G - 80 stones (gained 2)
A bullfrog comes into view.
You feel a surge of power!
Flames lash the bullfrog.
The bullfrog is heavily wounded.
The bullfrog's fire resistance burns away.
You hear a shout!
The bullfrog hits you but does no damage.
You block the bullfrog's attack.
You feel a surge of power!
Flames lash the bullfrog.
The bullfrog is burned terribly!
You kill the bullfrog!
You have reached level 10!
Amaemon is nearby!
Amaemon is nearby!
Amaemon gestures at something while chanting.
There is a stone staircase leading up, spattered with blood here.
Amaemon whispers, "Once I find the ORB, I'll be cured.
I'll be normal again!"
Amaemon zaps a wand.
You easily resist.
Amaemon zaps a wand.
You turn into a sentient fungus.
Your staff of fire melds into your body.
Your scarf of resistance melds into your body.
Your +0 buckler melds into your body.
You feel hot and cold all over.
Amaemon casts a spell.
You climb upwards.
There is a stone staircase leading down here.
You start waiting.
Your transformation is almost over.
You stop sporulating.
Your staff of fire unmelds from your body.
Your scarf of resistance unmelds from your body.
Your +0 buckler unmelds from your body.
You feel resistant to extremes of temperature.
You see here a +0 whip.
There is a stone staircase leading down here.
You climb downwards.
Level annotation: Amaemon
There is a stone staircase leading up here.
You see here a +0 whip.
You see here a +0 flail.
Items here: ))) [.
Things that are here:
a +0 robe; a +0 club
Found an escape hatch in the ceiling.
K - a wand of flame (28)
There is a stone staircase leading down here.
L - a scroll labelled SYOTOJ BEUWI Amaemon is nearby!
Amaemon shouts!
Amaemon gestures wildly while chanting.
Amaemon gestures at the scorpion while chanting.
The scorpion seems to grow toxic.
The orange demon screeches!
You hear two shouts!
There is a stone staircase leading up, spattered with blood here.
Press: ? - help, v - describe, . - travel
Here: Amaemon, wielding a +0 demon whip of venom and carrying a wand of polymorph (9)
The floor.
Unknown command.
You feel a surge of power!
Flames lash the scorpion.
The scorpion is moderately wounded.
The scorpion's fire resistance burns away.
Magic restored.
Something foul drips from Amaemon's claws.
Amaemon points at the orange demon and mumbles some strange words.
The orange demon seems to grow toxic.
You climb upwards.
The scorpion disappears in a puff of smoke!
There is a stone staircase leading down here.
You feel a surge of power!
Flames lash Amaemon.
Amaemon is lightly wounded.
Amaemon's fire resistance burns away.
Amaemon zaps a wand.
You easily resist.
Cast which spell? (? or * to list)
Casting: Flame Wave (dangerous; 22% risk of failure)
Press: ? - help, Dir - look around, f - activate You feel a surge of power!
A wave of flame ripples out!
The flame wave engulfs Amaemon!
Amaemon is burned terribly!
Amaemon is lightly wounded. (Press . to intensify the flame waves.) Amaemon misses you.
Amaemon claws you.
Amaemon tail-slaps you but does no damage.
A wave of flame ripples out!
The flame wave engulfs Amaemon!
Amaemon is burned terribly!
Amaemon is moderately wounded.
Amaemon is no longer more vulnerable to fire.
Amaemon hits you with a +0 demon whip of venom.
Amaemon misses you. x2
A wave of flame ripples out!
The flame wave engulfs Amaemon.
Amaemon is moderately wounded.
You finish channelling waves of flame.
Amaemon zaps a wand.
You easily resist.
You feel a surge of power!
You miscast Scorch.
You are very lightly contaminated with residual magic.
Nothing appears to happen.
Amaemon zaps a wand.
You easily resist.
You feel a surge of power!
Flames lash Amaemon.
Amaemon is moderately wounded.
Amaemon's fire resistance burns away.
You block Amaemon's attack. x2
Amaemon closely misses you.
You feel a surge of power!
Flames lash Amaemon.
Amaemon is moderately wounded.
Something foul drips from Amaemon's claws.
Amaemon hits you but does no damage. Amaemon misses you.
Amaemon barely misses you.
You feel a surge of power!
Flames lash Amaemon.
Amaemon is burned terribly!
Amaemon is heavily wounded.
Amaemon hits you with a +0 demon whip of venom!
You are poisoned.
Amaemon claws you. Amaemon barely misses you.
You feel a surge of power!
Flames lash Amaemon.
Amaemon is burned terribly!
Amaemon is severely wounded.
* * * LOW MAGIC WARNING * * *
You feel very sick. Amaemon barely misses you. You block Amaemon's attack.
Amaemon misses you.
Aiming: Throw Flame
Press: ? - help, Shift-Dir - straight line, f - Amaemon
Aim: Amaemon, wielding a +0 demon whip of venom and carrying a wand of polymorph (6) (severely wounded, more vulnerable to fire, 60% to hit)
The puff of flame misses Amaemon.
You feel very sick. Amaemon closely misses you. Amaemon misses you.
Amaemon closely misses you.
Aiming: Throw Flame
Press: ? - help, Shift-Dir - straight line, f/p - Amaemon
Aim: Amaemon, wielding a +0 demon whip of venom and carrying a wand of polymorph (6) (heavily wounded, more vulnerable to fire, 60% to hit)
The puff of flame hits Amaemon.
Amaemon is burned terribly!
Amaemon is severely wounded.
You feel very sick. You block Amaemon's attack.
Amaemon claws you but does no damage. Amaemon misses you.
Aiming: Throw Flame
Press: ? - help, Shift-Dir - straight line, f/p - Amaemon
Aim: Amaemon, wielding a +0 demon whip of venom and carrying a wand of polymorph (6) (severely wounded, more vulnerable to fire, 60% to hit)
The puff of flame misses Amaemon.
You feel very sick. Amaemon barely misses you.
Amaemon claws you but does no damage. Amaemon closely misses you.
Your magical contamination has completely faded away.
Aiming: Throw Flame
Press: ? - help, Shift-Dir - straight line, f/p - Amaemon
Aim: Amaemon, wielding a +0 demon whip of venom and carrying a wand of polymorph (6) (severely wounded, more vulnerable to fire, 60% to hit)
The puff of flame misses Amaemon.
You feel sick. Amaemon closely misses you. x2
You block Amaemon's attack.
You feel a surge of power!
Flames lash Amaemon.
Amaemon is burned terribly!
Amaemon is severely wounded.
You feel sick. You block Amaemon's attack.
Amaemon claws you but does no damage. Amaemon tail-slaps you.
Aiming: Throw Flame
Press: ? - help, Shift-Dir - straight line, f - Amaemon
Aim: Amaemon, wielding a +0 demon whip of venom and carrying a wand of polymorph (6) (severely wounded, more vulnerable to fire, 60% to hit)
The puff of flame hits Amaemon.
Amaemon is burned terribly!
Amaemon is severely wounded.
You feel sick.
Amaemon gestures wildly while chanting.
Hit: a) staff of fire
Press: ? - help, Dir - move target, f/p - Amaemon
Aim: Amaemon, wielding a +0 demon whip of venom and carrying a wand of polymorph (6) (severely wounded, more vulnerable to fire, about 42% to evade your staff of fire)
Okay, then.
You are mildly poisoned (56 -> 52).
Your movement speed is average.
Your attack delay is about 1.1.
Your damage rating with your staff of fire is about 6 (Base 5 x 115% (Str) x 118% (Skill)).
Unknown command.
Unknown command.
Aiming: Throw Flame
Press: ? - help, Shift-Dir - straight line, f/p - Amaemon
Aim: Amaemon, wielding a +0 demon whip of venom and carrying a wand of polymorph (6) (severely wounded, more vulnerable to fire, 60% to hit)
The puff of flame misses Amaemon.
You feel sick. Amaemon completely misses you. You block Amaemon's attack.
Amaemon tail-slaps you but does no damage.
Aiming: Throw Flame
Press: ? - help, Shift-Dir - straight line, f/p - Amaemon
Aim: Amaemon, wielding a +0 demon whip of venom and carrying a wand of polymorph (6) (severely wounded, more vulnerable to fire, 60% to hit)
The puff of flame hits Amaemon!
Amaemon is burned terribly!
Amaemon is almost dead.
You feel sick.
Amaemon gestures wildly while chanting.
Aiming: Throw Flame
Press: ? - help, Shift-Dir - straight line, f/p - Amaemon
Aim: Amaemon, wielding a +0 demon whip of venom and carrying a wand of polymorph (6) (almost dead, more vulnerable to fire, 60% to hit)
The puff of flame hits Amaemon!
Amaemon is burned terribly!
Amaemon is almost dead.
You feel sick.
Amaemon zaps a wand.
You turn into a filthy swine.
Your staff of fire melds into your body.
Your scarf of resistance melds into your body.
Your +0 buckler melds into your body.
Your +5 ring of evasion melds into your body.
You feel hot and cold all over. The scorpion barely misses you.
You feel sick. The scorpion misses you. The scorpion barely misses you.
You feel sick.
You are no longer poisoned.
Amaemon gestures wildly while chanting.
There is a stone staircase leading up here.
The scorpion stings you.
You climb upwards.
There is a stone staircase leading down here.
You start resting.
Your transformation is almost over.
Magic restored.
You feel less porcine.
Your staff of fire unmelds from your body.
Your scarf of resistance unmelds from your body.
Your +0 buckler unmelds from your body.
Your +5 ring of evasion unmelds from your body.
You feel resistant to extremes of temperature.
You start resting.
HP restored.
You start resting.
HP restored.
You climb downwards.
Level annotation: Amaemon
There is a stone staircase leading up here.
You feel a surge of power!
Flames lash Amaemon.
Amaemon is burned terribly!
Amaemon is almost dead.
You feel a surge of power!
Flames lash Amaemon.
Amaemon is burned terribly!
You kill Amaemon!
Your Spellcasting skill increases to level 3!
v - a wand of polymorph (20) (gained 5 charges)
Things that are here:
a +0 demon whip of venom; the demonspawn corpse of Amaemon
M - a +0 demon whip of venom Magic restored.
Done exploring.
There is a stone staircase leading down, spattered with blood here.
You climb downwards.
The two-headed ogre hits you with a +0 giant club!!
The two-headed ogre misses you.
There is a stone staircase leading up, spattered with blood here.
Unknown command.
The two-headed ogre attacks as you move away!
The two-headed ogre completely misses you.
The two-headed ogre hits you with a +0 dire flail.
The orange demon stings you but does no damage.
The orange demon misses you. The orange demon stings you from afar!
You are poisoned.
You have difficulty breathing.
You feel yourself slow down.
You feel very sick.
You feel very sick. The orange demon closely misses you.
The two-headed ogre completely misses you.
The two-headed ogre barely misses you.
You feel sick.
The two-headed ogre attacks as you move away!
The two-headed ogre hits you with a +0 giant club!
* * * LOW HITPOINT WARNING * * *
The two-headed ogre completely misses you.
You feel sick. The orange demon barely misses you.
You block the orange demon's attack.
Unknown command.
You feel sick.
Unknown command.
Okay, then.
Okay, then.
Okay, then.
Press: ? - help, v - describe, . - travel
Here: a two-headed ogre, wielding a +0 giant club and a +0 dire flail The floor.
Unknown command.
Unknown command.
You feel sick.
You are no longer poisoned.
The orange demon no longer looks unusually toxic.
The orange demon stings you from afar!
* * * LOW HITPOINT WARNING * * *
The two-headed ogre completely misses you.
The two-headed ogre closely misses you.
Unknown command.
The two-headed ogre attacks as you move away!
The two-headed ogre barely misses you.
The two-headed ogre hits you with a +0 dire flail!
You die...

##### ##...## ##.....## #.......#
#.......# ### #.......#####
#..#.. #######..........####.....
.............###@............
.............###.O4...#.##...
.............##..#...##.##...
......#.....###....#.......######
......##...###...........##......
......###.###............##......
.........................##......
......#..........................
......#.##.##..........<....#....


You could see a two-headed ogre and an orange demon.

Vanquished Creatures
  Amaemon (D:7)
  Maggie (D:7)
  A gargoyle (D:8)
  A troll (D:6)
  Prince Ribbit (D:8)
  Sigmund (D:6)
  Eustachio (D:5)
  3 water moccasins
  An ice beast (D:6)
  A black bear (D:7)
  2 orc warriors
  An ogre (D:7)
  A centaur (D:7)
  A phantom (D:4)
  4 bullfrogs
  A scorpion (D:5)
  A necrophage (D:4)
  6 wights
  2 howler monkeys
  2 jellies
  5 hounds
  2 orc priests
  2 gnoll boudas
  Jessica (D:2)
  Natasha (thrice) (D:2)
  An iguana (D:5)
  4 orc wizards
  7 adders
  19 gnolls
  A shadow imp (D:6)
  An ufetubus (D:6)
  2 worms
  2 dart slugs (D:1)
  27 orcs
  6 ball pythons
  5 endoplasms
  2 giant cockroaches
  9 goblins
  7 hobgoblins
  4 jackals (D:1)
  A quokka (D:1)
  5 bats
  3 frilled lizards (D:3)
  6 kobolds
  5 rats
163 creatures vanquished.

Vanquished Creatures (others)
  A plant (D:4)
  5 toadstools (D:1)
6 creatures vanquished.

Grand Total: 169 creatures vanquished

Notes
Turn   | Place    | Note
-------+----------+-------------------------------------------
     0 | D:1      | jagoly the Draconian Cinder Acolyte began the quest for the
                  | Orb.
     0 | D:1      | Reached XP level 1. HP: 19/19 MP: 2/2
    91 | D:1      | Reached skill level 1 in Stealth
   107 | D:1      | Found Butet's Antique Weapon Shoppe.
   214 | D:1      | Reached XP level 2. HP: 23/26 MP: 3/3
   544 | D:1      | Reached XP level 3. HP: 28/31 MP: 4/4
   597 | D:1      | Learned a level 2 spell: Scorch
   800 | D:2      | Noticed Jessica
   845 | D:2      | Reached skill level 1 in Dodging
   891 | D:2      | Reached XP level 4. HP: 40/40 MP: 0/5
   946 | D:2      | Noticed Natasha
  1221 | D:2      | Killed Jessica
  1315 | D:2      | Reached skill level 4 in Fighting
  1361 | D:2      | Reached XP level 5. HP: 39/46 MP: 1/6
  1779 | D:2      | Killed Natasha
  1968 | D:2      | Noticed Natasha
  1973 | D:2      | Killed Natasha
  1974 | D:2      | Reached skill level 1 in Shields
  2018 | D:2      | Noticed Natasha
  2040 | D:2      | Killed Natasha
  2092 | D:3      | Found a white marble altar of Elyvilon.
  2202 | D:3      | Found a stormy altar of Qazlal.
  2764 | D:4      | Noticed a phantom
  2772 | D:4      | Killed a phantom
  2773 | D:4      | Reached XP level 6. HP: 42/52 MP: 0/7
  3036 | D:4      | Found a blossoming altar of Fedhas.
  3036 | D:4      | Found a broken altar of Ashenzari.
  3037 | D:4      | Found a shimmering blue altar of Sif Muna.
  3353 | D:4      | Found a snail-covered altar of Cheibriados.
  3637 | D:5      | Entered Level 5 of the Dungeon
  3977 | D:5      | Your scales start taking on a dull iron-grey colour.
  3977 | D:5      | Reached XP level 7. HP: 58/60 MP: 4/8
  3982 | D:5      | Learned a level 4 spell: Flame Wave
  3990 | D:5      | Found a hide-covered altar of Uskayaw.
  4024 | D:5      | Found an ancient bone altar of Kikubaaqudgha.
  4155 | D:5      | Found a staircase to the Ecumenical Temple.
  4219 | D:5      | Reached skill level 1 in Conjurations
  4508 | D:5      | Found an ornate altar of the Wu Jian Council.
  4599 | D:5      | Noticed Eustachio
  4623 | D:5      | Killed Eustachio
  4624 | D:5      | Reached skill level 5 in Fighting
  4912 | D:6      | Noticed a troll
  4981 | D:6      | Reached XP level 8. HP: 68/68 MP: 5/11
  5004 | D:6      | Noticed Sigmund
  5093 | D:6      | Killed Sigmund
  5229 | D:6      | Found Qarphint's Weapon Boutique.
  5322 | D:6      | Found a sacrificial altar of Ru.
  5387 | D:6      | Reached skill level 5 in Shields
  5387 | D:6      | Reached skill level 5 in Fire Magic
  5392 | D:6      | Found a shadowy altar of Dithmenos.
  5564 | D:6      | Reached skill level 6 in Fighting
  5663 | D:7      | Reached skill level 5 in Dodging
  5663 | D:7      | Reached skill level 5 in Conjurations
  5663 | D:7      | Reached XP level 9. HP: 71/75 MP: 2/12
  6058 | D:6      | Killed a troll
  6156 | D:7      | Noticed Maggie
  6179 | D:7      | Killed Maggie
  6180 | D:7      | Reached skill level 7 in Fighting
  6357 | D:7      | Found a glowing golden altar of the Shining One.
  6425 | D:7      | Reached skill level 8 in Fighting
  6545 | D:8      | Noticed Prince Ribbit
  6551 | D:8      | Killed Prince Ribbit
  6636 | D:8      | Found a burning altar of Makhleb.
  6761 | D:8      | Noticed an orange demon
  6763 | D:8      | Noticed Amaemon
  6764 | D:8      | Noticed a gargoyle
  6976 | D:8      | Noticed a two-headed ogre
  7341 | D:8      | Killed a gargoyle
  7367 | D:8      | Found an opulent altar of Gozag.
  7425 | D:8      | Reached XP level 10. HP: 90/90 MP: 10/14
  7691 | D:7      | Killed Amaemon
  7710 | D:8      | Slain by a two-headed ogre

Illustrated notes

Levels and vault maps discovered:
D:1:      ldierk_walled_garden, layout_rooms, serial_shops, shop_statue
D:2:      layout_rooms, grunt_decor_resistance, uniq_natasha, uniq_jessica
D:3:      layout_loops_ring, grunt_temple_overflow_open
D:4:      layout_cave_pools, gammafunk_temple_overflow_claw,
          mainiacjoe_overflow_surrounded_room, serial_park, serial_park_gazebo
          [serial_park_minivault_5x5_1], serial_park_square3
          [serial_park_minivault_5x5_5], serial_park_tiny_1,
          serial_park_tiny_pond
D:5:      layout_gridville, nicolae_uskayaw_suspiria,
          pdpol_wu_jian_five_deadly_venoms, kennysheep_mini_moat,
          minmay_temple_entry_antechambers, minmay_liquid_box, uniq_eustachio
D:6:      layout_basic, old_standard_altar, grunt_dithmenos_smoke_and_mirrors,
          serial_shops, nicolae_shop_bloodbath_and_beyond, minmay_microvault,
          uniq_sigmund
D:7:      layout_gridville, general_overflow_altar, uniq_maggie
D:8:      layout_rooms, bloody_makhleb, overflow_temple_1_default,
          ebering_ghost_gozag, uniq_prince_ribbit1, uniq_amaemon

Skill      XL: |  1  2  3  4  5  6  7  8  9 10 |
---------------+-------------------------------+-----
Stealth        | 1 2 |  2.0
Dodging        | 1 2 3 4 5 6 |  6.4
Fire Magic     | 4 5 |  5.6
Fighting       | 4 5 6 8 |  8.5
Shields        | 2 3 4 5 6 |  6.0
Conjurations   | 2 5 |  5.6
Spellcasting   | 2 3 |  3.0
Polearms       | |  3.9

Action                   |  1- 3 |  4- 6 |  7- 9 | 10-12 || total
-------------------------+-------+-------+-------+-------++-------
Melee: Spear             |   112 |    81 |    81 |       ||   274
       Tailslap          |    15 |    10 |    15 |       ||    40
       Punch             |     1 |       |       |       ||     1
       Staff             |       |       |     8 |       ||     8
Throw: Stone             |     2 |     1 |     8 |       ||    11
       Boomerang         |       |       |     3 |       ||     3
 Cast: Scorch            |     7 |    54 |   182 |     9 ||   252
       Flame Wave        |       |       |     3 |     1 ||     4
Invok: Fiery Armour      |       |     1 |       |       ||     1
       Rising Flame      |       |       |     1 |       ||     1
Evoke: Wand              |       |       |     1 |     8 ||     9
  Use: Scroll            |       |     4 |     3 |       ||     7
       Potion            |       |       |     3 |       ||     3
 Stab: Distracted        |     1 |       |     1 |       ||     2
       Sleeping          |       |     2 |       |       ||     2
Armor: Skin              |    23 |    20 |    52 |     7 ||   102
Dodge: Dodged            |    61 |    56 |   177 |    32 ||   326
Block: Buckler           |       |     9 |    44 |     8 ||    61

Table legend: (Time is in decaauts)
 A = Elapsed time spent in this place.
 B = Non-inter-level travel time spent in this place.
 C = Inter-level travel time spent in this place.
 D = Time resting spent in this place.
 E = Time spent auto-exploring this place.
 F = Levels seen in this place.
 G = Mean time per level.
                   A        B        C        D        E       F      G
               +--------+--------+--------+--------+--------+-----+--------+
         Total |   7732 |   7301 |    431 |    829 |   4680 |   8 |  966.5 |
       Dungeon |   7732 |   7301 |    431 |    829 |   4680 |   8 |  966.5 |
               +--------+--------+--------+--------+--------+-----+--------+

Top non-repeatable levels by time:
     D:2: 1308 daAuts
     D:5: 1233 daAuts
     D:7: 1171 daAuts
     D:6: 1056 daAuts
     D:4: 909 daAuts
     D:1: 783 daAuts
     D:3: 698 daAuts
     D:8: 572 daAuts
